 Dungeon Crawl Stone Soup version 0.22.0-6-g71bd7aa (webtiles) character file.

146 Gaball the Skirmisher (level 5, -1/57 HPs)
             Began as an Ogre Monk on Aug 15, 2018.
             Slain by a centaur skeleton (6 damage)
             ... on level 4 of the Dungeon.
             The game lasted 00:03:28 (2630 turns).

Gaball the Skirmisher (Ogre Monk)                   Turns: 2630, Time: 00:03:28

Health: -1/57      AC:  3    Str: 16    XL:     5   Next: 28%
Magic:  5/5        EV: 11    Int: 11    God:
Gold:   90         SH:  0    Dex: 11    Spells: 4/4 levels left

rFire    . . .     SeeInvis .   a - +0 mace
rCold    . . .     Gourm    .   (no shield)
rNeg     . . .     Faith    .   b - +0 robe
rPois    .         Spirit   .   (helmet restricted)
rElec    .         Reflect  .   (no cloak)
rCorr    .         Harm     .   (gloves unavailable)
MR       .....                  (boots unavailable)
Stlth    ++........             (no amulet)
HPRegen  0.19/turn              (no ring)
MPRegen  0.09/turn              (no ring)

@: no status effects
A: large, unfitting armour, tough skin 1
a: no special abilities


You were on level 4 of the Dungeon.
You were hungry.

You visited 1 branch of the dungeon, and saw 4 of its levels.

You collected 90 gold pieces.

Inventory:

Hand Weapons
 a - a +0 mace (weapon)
Armour
 b - a +0 robe (worn)
Jewellery
 j - an uncursed amulet of magic regeneration
Wands
 i - a wand of random effects (31)
 n - a wand of iceblast (1)
Scrolls
 f - 4 scrolls of remove curse
 m - a scroll of enchant weapon {unknown}
Potions
 e - 5 potions of curing
 g - 3 potions of heal wounds {unknown}
 k - a potion of cancellation {unknown}
 l - 2 potions of brilliance
 o - a potion of magic {unknown}
Comestibles
 c - 4 rations


   Skills:
 + Level 5.1 Fighting
 + Level 3.5 Maces & Flails
 + Level 3.5 Dodging
 + Level 2.4 Stealth


You had 4 spell levels left.
You didn't know any spells.
Your spell library was empty.

Dungeon Overview and Level Annotations

Branches:
Dungeon (4/15)
 Temple: D:4-7

Altars:

Annotations:
D:4 Edmund


Innate Abilities, Weirdness & Mutations

You are too large for most types of armour.
You have tough skin. (AC +1)


Message History

As you read the scroll of fear, it crumbles to dust.
You assume a fearsome visage.
The adder looks frightened!
The centaur skeleton is unaffected.
The phantom is unaffected.
The centaur skeleton hits you. The phantom hits you.
* * * LOW HITPOINT WARNING * * *
You hit the centaur skeleton.
The centaur skeleton is severely damaged.
The centaur skeleton closely misses you.
Edmund the Younger comes into view.
He is wielding a dire flail of crushing.
The phantom barely misses you. The centaur skeleton hits you.
* * * LOW HITPOINT WARNING * * *
The phantom hits you.
* * * LOW HITPOINT WARNING * * *
The phantom blinks!
The centaur skeleton closely misses you.
The phantom blinks!
The centaur skeleton hits you.
* * * LOW HITPOINT WARNING * * *
There is a stone staircase leading up here.
The centaur skeleton hits you.
You die...

###..
....####
###
#......
... #...#
####.###.#
#........#
#.####.#.#
#....#
#@Z.##
#...#
##.## #.#
#.# #.#
.ยง. #.#
.#


You could see a centaur skeleton.

Vanquished Creatures
  Natasha (twice) (D:3)
  3 adders
  An ooze (D:3)
  A worm (D:3)
  A dart slug (D:2)
  A leopard gecko (D:3)
  An orc (D:2)
  2 bats (D:2)
  A giant cockroach (D:2)
  9 goblins
  5 hobgoblins
  8 jackals
  A ball python (D:1)
  8 frilled lizards
  7 kobolds
  8 rats
59 creatures vanquished.

Notes
Turn   | Place    | Note
-------+----------+-------------------------------------------
     0 | D:1      | Gaball the Ogre Monk began the quest for the Orb.
     0 | D:1      | Reached XP level 1. HP: 24/24 MP: 1/1
   143 | D:1      | Reached XP level 2. HP: 28/32 MP: 2/2
   401 | D:2      | Reached XP level 3. HP: 40/40 MP: 3/3
   891 | D:2      | Reached XP level 4. HP: 27/49 MP: 4/4
  1677 | D:3      | Noticed a bullfrog
  1972 | D:3      | Noticed Natasha
  1974 | D:3      | Killed Natasha
  1974 | D:3      | Reached skill level 5 in Fighting
  1992 | D:3      | Reached XP level 5. HP: 54/57 MP: 5/5
  2039 | D:3      | Noticed Natasha
  2041 | D:3      | Killed Natasha
  2413 | D:4      | Noticed a phantom
  2625 | D:4      | Noticed Edmund
  2630 | D:4      | Slain by a centaur skeleton

Skill      XL: |  1  2  3  4 |
---------------+-------------+-----
Dodging        | 3 |  3.5
Maces & Flails | 3 |  3.5
Stealth        | 2 |  2.4
Fighting       | 5 |  5.1

Action                   |  1- 3 |  4- 6 || total
-------------------------+-------+-------++-------
Melee: Mace              |    99 |    62 ||   161
Evoke: Wand              |       |    12 ||    12
  Use: Scroll            |       |     6 ||     6
 Stab: Sleeping          |     4 |     4 ||     8
  Eat: Chunk             |       |     5 ||     5
Armor: Robe              |    23 |    11 ||    34
Dodge: Dodged            |    43 |    45 ||    88
